 Dungeon Crawl Stone Soup version 0.26.1-11-gd32895ea62 (webtiles) character file.

Game seed: 8851823186096468228

216 MajorAdolf the Covert (level 5, 0/42 HPs)
             Began as a Naga Wanderer on July 21, 2021.
             Slain by a sky beast (5 damage)
             ... on level 6 of the Dungeon.
             The game lasted 00:06:19 (4245 turns).

MajorAdolf the Covert (Naga Wanderer)               Turns: 4245, Time: 00:06:20

Health: 0/42       AC:  3    Str: 15    XL:     5   Next: 93%
Magic:  2/7        EV:  9    Int: 12    God:
Gold:   188        SH:  0    Dex: 11    Spells: 5/7 levels left

rFire    . . .     SeeInvis +   a - +2 dagger
rCold    . . .     Faith    .   (no shield)
rNeg     + . .     Spirit   .   e - +0 robe
rPois    +         Reflect  .   (no helmet)
rElec    .         Harm     .   (no cloak)
rCorr    .         Rampage  .   r - +0 pair of gloves (curse)
Will     .....                  (no barding)
Stlth    ++++......             p - amulet of the acrobat
HPRegen  0.14/turn              k - ring of positive energy
MPRegen  0.10/turn              (no ring)

@: very slow
A: large, see invisible, deformed body, poison resistance, slowness 2, spit
poison 1, AC +1
a: Spit Poison


You were on level 6 of the Dungeon.
You visited 1 branch of the dungeon, and saw 6 of its levels.

You collected 188 gold pieces.

Inventory:

Hand Weapons
 a - a +2 dagger (weapon)
 c - a +0 falchion
 d - a +0 spear
 l - a +4 short sword
Armour
 e - a +0 robe (worn)
 r - a cursed +0 pair of gloves (worn)
 s - a +0 buckler
 y - a scarf of repulsion
Jewellery
 k - a ring of positive energy (left hand)
 n - an uncursed ring of ice
 p - an amulet of the acrobat (around neck)
Scrolls
 b - 2 scrolls of fear
 f - 2 scrolls of identify
 g - 3 scrolls of remove curse {unknown}
 h - 4 scrolls of teleportation {unknown}
 j - a scroll of enchant armour {unknown}
 t - a scroll of amnesia {unknown}
 u - a scroll of immolation {unknown}
 x - a scroll of noise {unknown}
 A - a scroll of vulnerability {unknown}
Potions
 i - a potion of curing
 m - 3 potions of flight {unknown}
 o - a potion of berserk rage {unknown}
 q - a potion of haste {unknown}
 v - a potion of lignification {unknown}
 w - a potion of heal wounds {unknown}
 z - a potion of brilliance {unknown}


   Skills:
 + Level 1.9(3.2) Short Blades
 - Level 4.0(4.2) Long Blades
 - Level 1.0 Polearms
 - Level 1.0 Dodging
 + Level 8.9 Stealth
 + Level 1.3 Shields
 + Level 1.5 Spellcasting


You had 5 spell levels left.
You knew the following spells:

 Your Spells              Type           Power        Failure   Level
a - Call Imp              Summ           0%           41%         2

Your spell library contained the following spells:

 Spells                   Type           Power        Failure   Level
 Magic Dart               Conj           0%           28%         1
 Blink                    Tloc           N/A          41%         2
 Slow                     Hex            0%           41%         2
 Conjure Flame            Conj/Fire      0%           65%         3
 Mephitic Cloud           Conj/Pois/Air  0%           65%         3


Dungeon Overview and Level Annotations

Branches:
Dungeon (7/15)
 Temple: D:4-7

Altars:
Ashenzari
Cheibriados
Fedhas
Yredelemnul
Zin
The Shining One


Innate Abilities, Weirdness & Mutations

You cannot wear boots.
Your serpentine skin is tough. (AC +1)
You have supernaturally acute eyesight. (SInv)
Armour fits poorly on your strangely shaped body.
Your system is resistant to poisons. (rPois)
You cover ground very slowly.
You can spit poison.


Message History

The sky beast hits your white imp but does no damage.
Unknown command.
The sky beast hits your white imp. The sky beast shocks your white imp.
The sky beast hits your white imp.
Your white imp dies!
Casting: Call Imp (dangerous; 41% risk of failure)
Confirm with . or Enter, or press ? or * to list all spells.
A beastly little devil appears in a puff of flame.
Unknown command.
You hit the sky beast.
The sky beast is heavily wounded.
The sky beast hits you.
* * * LOW HITPOINT WARNING * * *
The sky beast shocks you.
* * * LOW HITPOINT WARNING * * *
Unknown command.
You feel better. The sky beast hits you.
* * * LOW HITPOINT WARNING * * *
The sky beast shocks you.
You die...

........# ##
.......# .#.
.......# ....
##......# #...
#.......# #(.#
#.......###
#..###..........
#..#5..>.......
#.@Y..######..
#.##### #. #. ..
.. ... ...


You could see a sky beast and a friendly crimson imp (summoned).

Vanquished Creatures
  A bullfrog skeleton (D:4)
  2 worker ants
  6 adders
  An adder skeleton (D:4)
  2 worms
  An orc (D:3)
  A ball python (D:4)
  A giant cockroach (D:3)
  4 goblins
  3 hobgoblins
  3 kobolds
  2 quokkas (D:4)
  A bat (D:2)
  2 frilled lizards
  2 rats
32 creatures vanquished.

Vanquished Creatures (collateral kills)
  A bullfrog (D:7)
1 creature vanquished.

Vanquished Creatures (others)
  A kobold (D:3)
1 creature vanquished.

Grand Total: 34 creatures vanquished

Notes
Turn   | Place    | Note
-------+----------+-------------------------------------------
     0 | D:1      | MajorAdolf the Naga Wanderer began the quest for the Orb.
     0 | D:1      | MajorAdolf set off with the following items: a +2 dagger, a
                  | scroll of fear, a +0 falchion, a +0 spear, a +0 robe
     0 | D:1      | Reached XP level 1. HP: 15/15 MP: 1/1
    82 | D:1      | Reached skill level 6 in Stealth
   577 | D:2      | Found a snail-covered altar of Cheibriados.
   637 | D:2      | Reached XP level 2. HP: 13/22 MP: 2/2
   817 | D:2      | Reached skill level 7 in Stealth
   984 | D:2      | Reached XP level 3. HP: 28/28 MP: 3/3
  1931 | D:3      | Found a glowing golden altar of the Shining One.
  1933 | D:3      | Noticed an angel
  1949 | D:3      | Found a basalt altar of Yredelemnul.
  1951 | D:3      | Noticed a profane servitor
  2030 | D:3      | Reached skill level 8 in Stealth
  2255 | D:3      | Reached XP level 4. HP: 27/36 MP: 4/4
  2417 | D:3      | Learned a level 2 spell: Call Imp
  3159 | D:4      | Noticed a phantom
  3344 | D:4      | Reached skill level 1 in Short Blades
  3638 | D:4      | Reached skill level 1 in Spellcasting
  3638 | D:4      | Reached XP level 5. HP: 7/42 MP: 6/6
  4033 | D:4      | Found a blossoming altar of Fedhas.
  4036 | D:4      | Found a glowing silver altar of Zin.
  4039 | D:4      | Found a broken altar of Ashenzari.
  4088 | D:4      | You fall into a shaft and drop 3 floors!
  4091 | D:7      | Noticed an ogre
  4117 | D:7      | Reached skill level 1 in Shields
  4227 | D:6      | Noticed a sky beast
  4245 | D:6      | Slain by a sky beast

Illustrated notes

Levels and vault maps discovered:
D:1:      dpeg_arrival_simpleton_c, layout_rooms
D:2:      layout_basic, cheibriados_altar_1
D:3:      layout_basic, grunt_temple_overflow_holy_war
D:4:      layout_cave_pools, grunt_temple_overflow_diamond, tgw_xom
D:6:      layout_cave_pods, overflow_temple_1_default, makhleb_heckhound_becter
D:7:      layout_basic, serial_aquarium, aquarium_bridge_square
          [aquarium_subvault_balcony, aquarium_subvault_bridge,
          aquarium_subvault_bridge, aquarium_subvault_balcony],
          aquarium_window_fake, aquarium_window_1, aquarium_window_fake,
          aquarium_view_2f, tso_altar

Skill      XL: |  1  2  3  4  5 |
---------------+----------------+-----
Stealth        | 6 7 8 |  8.9
Short Blades   | 1 |  1.9
Spellcasting   | 1 |  1.5
Shields        | 1 |  1.3
Long Blades    | |  4.0
Polearms       | |  1.0
Dodging        | |  1.0

Action                   |  1- 3 |  4- 6 || total
-------------------------+-------+-------++-------
Melee: Dagger            |    52 |    87 ||   139
 Cast: Call Imp          |       |     3 ||     3
 Abil: Spit Poison       |    11 |     6 ||    17
  Use: Scroll            |       |     2 ||     2
       Potion            |       |     1 ||     1
 Stab: Sleeping          |     1 |     3 ||     4
       Distracted        |       |     1 ||     1
Armor: Robe              |    10 |     9 ||    19
Dodge: Dodged            |    24 |    44 ||    68
